 Dungeon Crawl Stone Soup version 0.27-a0-1136-g0b992a5a9d (webtiles) character file.

Game seed: 10050993002491124423

34544 robertstho the Brawler (level 13, -3/124 HPs)
             Began as a Troll Fighter on May 5, 2021.
             Was a High Priest of Okawaru.
             Slain by an eight-headed hydra (7 damage)
             ... on level 14 of the Dungeon.
             The game lasted 00:27:00 (10965 turns).

robertstho the Brawler (Troll Fighter)             Turns: 10965, Time: 00:27:01

Health: -3/124     AC: 12    Str: 29    XL:     13   Next: 42%
Magic:  16/16      EV: 10    Int:  5    God:    Okawaru [*****.]
Gold:   354        SH: 12    Dex: 10    Spells: 12/12 levels left

rFire    . . .     SeeInvis .     - Unarmed
rCold    . . .     Faith    .   R - +2 kite shield
rNeg     + + .     Spirit   .   v - +2 robe "Dauw" {rPois rN++}
rPois    +         Reflect  .   m - +1 hat
rElec    .         Harm     .   L - +0 cloak
rCorr    .         Rampage  .   (gloves unavailable)
Will     .....                  (boots unavailable)
Stlth    ++........             J - amulet of regeneration
HPRegen  2.30/turn              A - +4 ring of protection
MPRegen  0.15/turn              f - +4 ring of slaying

@: no status effects
A: large, unfitting armour, claws 3, regeneration 1, shaggy fur 1, tough skin 1
a: Renounce Religion, Heroism, Finesse


You were on level 14 of the Dungeon.
You worshipped Okawaru.
Okawaru was extremely pleased with you.
You visited 2 branches of the dungeon, and saw 15 of its levels.
You also visited: Gauntlet.

You collected 894 gold pieces.
You spent 540 gold pieces at shops.

Inventory:

Hand Weapons
 g - a +3 dire flail
 h - a +5 demon whip of electrocution
 w - the +5 long sword "Etzetecug" {vorpal, rC+ Int+4 Dex-3 Stlth+}
   (You found it on level 7 of the Dungeon)

   It inflicts extra damage upon your enemies.
   It affects your intelligence (+4).
   It affects your dexterity (-3).
   It protects you from cold.
   It makes you more stealthy.
 M - a +1 scimitar of flaming
Missiles
 t - 6 boomerangs of dispersal (quivered)
 D - a throwing net
 F - 9 atropa-tipped darts
 I - 3 curare-tipped darts
Armour
 a - a +2 robe of resistance
 m - a +1 hat (worn)
 q - +0 steam dragon scales
 v - the +2 robe "Dauw" (worn) {rPois rN++}
   (You found it on level 6 of the Dungeon)

   It protects you from poison.
   It greatly protects you from negative energy.
 L - a +0 cloak (worn)
 R - a +2 kite shield (worn)
Jewellery
 e - a ring of poison resistance
 f - a +4 ring of slaying (right claw)
 A - a +4 ring of protection (left claw)
 J - an amulet of regeneration (around neck)
 O - a +6 ring of dexterity
Wands
 c - a wand of digging (13)
 i - a wand of paralysis (26)
 l - a wand of iceblast (53)
 z - a wand of acid (17)
 C - a wand of mindburst (10)
Scrolls
 b - a scroll of fog
 k - 3 scrolls of enchant weapon
 s - 3 scrolls of fear
 u - 5 scrolls of teleportation
 y - a scroll of silence
 G - 4 scrolls of blinking
 K - 3 scrolls of enchant armour
 Q - a scroll of vulnerability
Potions
 d - 2 potions of resistance
 j - 5 potions of curing
 n - 3 potions of lignification
 o - 3 potions of ambrosia
 p - a potion of invisibility
 r - 3 potions of mutation
 x - 2 potions of might
 B - a potion of degeneration {unknown}
 E - 2 potions of cancellation
 H - a potion of attraction
 P - a potion of flight


   Skills:
 * Level 7.2 Fighting
 + Level 1.0 Long Blades
 + Level 0.4 Maces & Flails
 + Level 0.6 Throwing
 * Level 7.0 Armour
 + Level 6.5 Dodging
 + Level 1.7 Stealth
 + Level 6.2 Shields
 * Level 15.2 Unarmed Combat
 * Level 6.2 Invocations
 + Level 0.1 Evocations


You had 12 spell levels left.
You didn't know any spells.
Your spell library contained the following spells:

 Spells                   Type           Power      Damage    Failure   Level
 Shock                    Conj/Air       0%         1d3       67%         1
 Static Discharge         Conj/Air       0%         N/A       82%         2
 Swiftness                Air            0%         N/A       96%         3
 Airstrike                Air            0%         N/A       100%        4
 Lightning Bolt           Conj/Air       0%         1d11      100%        5


Dungeon Overview and Level Annotations

Branches:
Dungeon (14/15)            Temple (1/1) D:6            Lair (0/6) D:11
    Orc (0/2) D:12         Vaults (0/5) D:13        Gauntlet (visited)

Altars:
Ashenzari
Elyvilon
Fedhas
Hepliaklqana
Kikubaaqudgha
Makhleb
Okawaru
Qazlal
Ru
Trog
Uskayaw
Vehumet
Wu Jian
Xom
Zin
Jiyva

Shops:
D:2 *   D:5 =   D:10 :=(?[   D:13 *

Portals:
Trove: D:12 (give horn of Geryon)


Innate Abilities, Weirdness & Mutations

You are too large for most types of armour.
You have claws for hands.
Your natural rate of healing is unusually fast.
You are covered in fur. (AC +1)
You have tough skin. (AC +1)


Message History

The centaur wields a +0 shortbow.
The centaur shoots an arrow.
The arrow hits you but does no damage.
A centaur comes into view.
An orc comes into view. It is wielding a +0 hand axe.
A centaur warrior comes into view.
The orc wizard hits you with a +0 dagger.
The centaur shoots an arrow.
You block the arrow.
The centaur shouts!
The centaur warrior shouts!
You hear an angry hiss.
The orc hits you but does no damage.
A black mamba comes into view.
The orc wizard casts a spell at you.
The magic dart hits you but does no damage.
The orc wizard casts a spell at itself.
The orc wizard flickers and vanishes!
Deactivating autopickup; reactivate with Ctrl-A.
The centaur wields a +0 shortbow.
The centaur shoots an arrow.
The arrow hits you.
The centaur wields a +0 shortbow.
The centaur shoots an arrow.
You block the arrow.
The centaur warrior wields a +0 longbow.
The centaur warrior shoots an arrow.
The arrow barely misses you.
As you read the scroll of teleportation, it crumbles to dust.
You feel strangely unstable. The orc barely misses you.
The centaur shoots an arrow.
The arrow barely misses you.
The centaur warrior shoots an arrow.
You block the arrow.
The orc wizard casts a spell at itself.
The orc wizard flickers and vanishes!
The centaur warrior shoots an arrow.
The arrow hits you!!
* * * LOW HITPOINT WARNING * * *
Your surroundings suddenly seem different.
The eight-headed hydra bites you but does no damage.
The eight-headed hydra bites you!
* * * LOW HITPOINT WARNING * * *
The eight-headed hydra bites you but does no damage.
The eight-headed hydra bites you!
* * * LOW HITPOINT WARNING * * *
The eight-headed hydra bites you!
* * * LOW HITPOINT WARNING * * *
The eight-headed hydra bites you!
You die...

########.........)).......
#.##########..##### #.#
..# #.# ..# #.# ..# #.#
..# #.# ..#
#.##########..###
########........@D......
............(..!........
........................
...........#############
...........# ...........#
...........# ............
.............


You could see an eight-headed hydra.

Vanquished Creatures
  A minotaur (Gauntlet)
  A green death (Gauntlet)
  3 boulder beetles
  4 vault guards (D:13)
  2 hydras
  6 two-headed ogres
  A death yak (shapeshifter) (Gauntlet)
  8 slime creatures (D:13)
  A skeletal warrior (D:13)
  A swamp dragon (shapeshifter) (Gauntlet)
  2 deep elf pyromancers
  A wizard (D:12)
  3 ugly things
  A cyclops (D:14)
  Maurice (D:10)
  2 orange demons (Gauntlet)
  Maggie (D:7)
  2 gargoyles
  2 efreet
  2 komodo dragons
  2 unseen horrors
  A freezing wraith (D:14)
  A komodo dragon (shapeshifter) (D:13)
  A guardian mummy (D:12)
  3 meliai (D:14)
  4 trolls
  A hornet (D:10)
  A raiju (shapeshifter) (Gauntlet)
  A redback (shapeshifter) (Gauntlet)
  Sigmund (D:5)
  9 yaks
  2 shadows
  3 centaur simulacra (Gauntlet)
  7 vampire mosquitoes (D:12)
  Eustachio (D:6)
  A wyvern (D:10)
  2 steam dragons
  Duvessa (D:4)
  3 water moccasins
  A meliai simulacrum (D:14)
  7 orc warriors
  3 black bears
  3 sky beasts
  2 necrophages
  An ice beast (D:6)
  6 ogres (D:12)
  5 centaurs
  Blork the orc (D:4)
  5 kobold brigands
  3 bullfrogs
  3 gnoll sergeants
  2 scorpions (D:5)
  Dowan (D:4)
  A water moccasin skeleton (D:4)
  8 wights
  12 killer bees
  5 howler monkeys
  2 bullfrog zombies
  4 centaur zombies
  A wyvern simulacrum (Gauntlet)
  2 jellies (D:5)
  A gnoll shaman (D:8)
  5 orc priests
  3 bullfrog skeletons
  3 hounds
  3 iron imps (D:8)
  8 iguanas
  15 orc wizards
  3 killer bee zombies
  2 hound skeletons (D:4)
  A howler monkey skeleton (D:7)
  2 howler monkey zombies
  8 gnolls
  10 adders
  2 shadow imps
  3 white imps
  2 ufetubi
  3 worms
  2 dart slugs
  35 orcs
  5 bats
  3 endoplasms
  5 giant cockroaches
  5 hobgoblins
  4 jackals (D:2)
  16 kobolds
  4 quokkas
  A ball python (D:2)
  4 frilled lizards
  6 goblins
  9 rats
341 creatures vanquished.

Vanquished Creatures (others)
  19 fungi
  22 plants
41 creatures vanquished.

Grand Total: 382 creatures vanquished

Notes
Turn   | Place    | Note
-------+----------+-------------------------------------------
     0 | D:1      | robertstho the Troll Fighter began the quest for the Orb.
     0 | D:1      | Reached XP level 1. HP: 22/22 MP: 0/0
   142 | D:1      | Reached XP level 2. HP: 29/29 MP: 1/1
   650 | D:2      | Found Baoraoh's General Store.
   661 | D:2      | Bought a potion of curing for 39 gold pieces
   725 | D:2      | Found a faded altar of an unknown god.
   749 | D:2      | Reached XP level 3. HP: 32/36 MP: 2/2
  1374 | D:3      | Reached XP level 4. HP: 33/44 MP: 3/3
  1465 | D:3      | Reached skill level 3 in Unarmed Combat
  1539 | D:3      | Reached skill level 1 in Armour
  1638 | D:3      | Reached XP level 5. HP: 52/52 MP: 4/4
  1807 | D:4      | Reached skill level 4 in Unarmed Combat
  1865 | D:4      | Reached XP level 6. HP: 60/61 MP: 5/5
  1897 | D:4      | Found a broken altar of Ashenzari.
  2037 | D:4      | Noticed Duvessa
  2037 | D:4      | Noticed Dowan
  2047 | D:4      | Killed Duvessa
  2049 | D:4      | Killed Dowan
  2050 | D:4      | Reached skill level 5 in Unarmed Combat
  2276 | D:4      | Found a radiant altar of Vehumet.
  2311 | D:4      | Noticed Blork the orc
  2319 | D:4      | Killed Blork the orc
  2320 | D:4      | Reached XP level 7. HP: 49/67 MP: 6/6
  2423 | D:4      | Found a glowing silver altar of Zin.
  2587 | D:5      | Entered Level 5 of the Dungeon
  2748 | D:5      | Found Eqietux's Jewellery Shoppe.
  2787 | D:5      | Reached skill level 6 in Unarmed Combat
  2955 | D:5      | Reached XP level 8. HP: 58/78 MP: 7/7
  3282 | D:5      | Noticed Sigmund
  3301 | D:5      | Killed Sigmund
  3302 | D:5      | Reached skill level 7 in Unarmed Combat
  3847 | D:6      | Noticed Eustachio
  3869 | D:6      | Killed Eustachio
  3870 | D:6      | Reached skill level 8 in Unarmed Combat
  4046 | D:6      | Found a staircase to the Ecumenical Temple.
  4057 | D:6      | Reached XP level 9. HP: 70/85 MP: 8/8
  4067 | Temple   | Entered the Ecumenical Temple
  4082 | Temple   | Became a worshipper of Warmaster Okawaru
  4111 | D:6      | Found the +27 Lear's hauberk
  4234 | D:6      | Identified the +2 robe "Dauw" {rPois rN++}
  4311 | D:6      | Found a shimmering altar of Xom.
  4558 | D:7      | Identified the +5 long sword "Etzetecug" {vorpal, rC+ Int+4
                  | Dex-3 Stlth+}
  4734 | D:7      | Noticed Maggie
  4744 | D:7      | Killed Maggie
  4745 | D:7      | Reached skill level 9 in Unarmed Combat
  4745 | D:7      | Reached skill level 1 in Invocations
  4952 | D:7      | Found a hazy altar of Hepliaklqana.
  5005 | D:8      | Reached * piety under Okawaru
  5006 | D:8      | Reached skill level 1 in Stealth
  5130 | D:8      | Found a burning altar of Makhleb.
  5181 | D:8      | Noticed a cyan ugly thing
  5206 | D:8      | Reached skill level 5 in Fighting
  5215 | D:8      | Reached skill level 10 in Unarmed Combat
  5229 | D:8      | Killed a cyan ugly thing
  5229 | D:8      | Reached ** piety under Okawaru
  5230 | D:8      | Reached XP level 10. HP: 57/96 MP: 10/10
  5733 | D:9      | Found a sacrificial altar of Ru.
  5841 | D:9      | Found a bloodstained altar of Trog.
  5844 | D:9      | Found a hide-covered altar of Uskayaw.
  5847 | D:9      | Found a stormy altar of Qazlal.
  5850 | D:9      | Found a white marble altar of Elyvilon.
  6226 | D:9      | Noticed a two-headed ogre
  6238 | D:9      | Killed a two-headed ogre
  6238 | D:9      | Reached *** piety under Okawaru
  6239 | D:9      | Reached skill level 11 in Unarmed Combat
  6276 | D:9      | Found a blossoming altar of Fedhas.
  6603 | D:10     | Entered Level 10 of the Dungeon
  6773 | D:10     | Found Ykhliug's Weapon Shoppe.
  6774 | D:10     | Found Suplabez's Jewellery Boutique.
  6888 | D:10     | Found an ornate altar of the Wu Jian Council.
  6912 | D:10     | Noticed Maurice
  6929 | D:10     | Found Zicveg's Antique Armour Shoppe.
  6930 | D:10     | Killed Maurice
  6931 | D:10     | Reached skill level 5 in Dodging
  6931 | D:10     | Reached skill level 5 in Shields
  7005 | D:10     | Reached **** piety under Okawaru
  7165 | D:10     | Noticed a two-headed ogre
  7169 | D:10     | Killed a two-headed ogre
  7170 | D:10     | Reached skill level 5 in Armour
  7170 | D:10     | Reached XP level 11. HP: 105/105 MP: 12/12
  7246 | D:10     | Found Qeucydee's Book Boutique.
  7299 | D:10     | Found Rucagh's Magic Scroll Shoppe.
  7307 | D:10     | Bought a scroll of magic mapping for 56 gold pieces
  7307 | D:10     | Bought a scroll of identify for 32 gold pieces
  7307 | D:10     | Bought 2 scrolls of identify for 64 gold pieces
  7307 | D:10     | Bought a scroll of teleportation for 48 gold pieces
  7307 | D:10     | Bought a scroll of fear for 56 gold pieces
  7307 | D:10     | Bought a scroll of identify for 32 gold pieces
  7307 | D:10     | Bought a scroll of identify for 32 gold pieces
  7459 | D:11     | Noticed a two-headed ogre
  7520 | D:11     | Found a gate leading to a gauntlet.
  7529 | Gauntlet | Entered a Gauntlet
  7529 | Gauntlet | Found a transporter.
  7529 | Gauntlet | Found a transporter.
  7539 | Gauntlet | Found a transporter.
  7551 | Gauntlet | Found a transporter.
  7569 | Gauntlet | Found a transporter.
  7569 | Gauntlet | Found a transporter.
  7569 | Gauntlet | Found a transporter.
  7571 | Gauntlet | Found a transporter.
  7571 | Gauntlet | Found a transporter.
  7584 | Gauntlet | Found a transporter.
  7598 | Gauntlet | Found a runed translucent door.
  7600 | Gauntlet | Found a transporter.
  7602 | Gauntlet | Found a runed translucent door.
  7608 | Gauntlet | Noticed a green death
  7610 | Gauntlet | Found a transporter.
  7624 | Gauntlet | Found a transporter.
  7639 | Gauntlet | Noticed a fenstrider witch
  7642 | Gauntlet | Noticed an azure jelly
  7642 | Gauntlet | a fenstrider witch changed into an azure jelly
  7644 | Gauntlet | Found a transporter.
  7646 | Gauntlet | Noticed a lindwurm
  7646 | Gauntlet | a moth of wrath changed into a lindwurm
  7648 | Gauntlet | Noticed an emperor scorpion
  7648 | Gauntlet | an azure jelly changed into an emperor scorpion
  7697 | Gauntlet | Received a gift from Okawaru
  7714 | Gauntlet | Noticed a shining eye
  7717 | Gauntlet | Noticed an alligator
  7722 | Gauntlet | Noticed an entropy weaver
  7722 | Gauntlet | an alligator changed into an entropy weaver
  7725 | Gauntlet | Noticed a swamp dragon
  7725 | Gauntlet | a faun changed into a swamp dragon
  7732 | Gauntlet | a shining eye changed into a redback
  7757 | Gauntlet | Noticed a fire crab
  7760 | Gauntlet | Noticed a death yak
  7764 | Gauntlet | a swamp dragon changed into a yaktaur
  7766 | Gauntlet | Noticed a swamp dragon
  7766 | Gauntlet | a yaktaur changed into a swamp dragon
  7775 | Gauntlet | Killed a death yak
  7779 | Gauntlet | Killed a swamp dragon
  7779 | Gauntlet | Reached ***** piety under Okawaru
  7780 | Gauntlet | Reached skill level 12 in Unarmed Combat
  7792 | Gauntlet | Identified the +0 helmet of the Salamander {Rampage rElec}
  7815 | Gauntlet | Killed a green death
  7818 | Gauntlet | Received a gift from Okawaru
  7857 | Gauntlet | Noticed a minotaur
  7866 | Gauntlet | Killed a minotaur
  7907 | D:11     | Noticed an eight-headed hydra
  7911 | D:11     | Found a staircase to the Lair.
  8038 | D:11     | Killed an eight-headed hydra
  8188 | D:11     | Killed a two-headed ogre
  8188 | D:11     | Received a gift from Okawaru
  8227 | D:11     | Reached skill level 13 in Unarmed Combat
  8227 | D:11     | Reached XP level 12. HP: 89/114 MP: 14/14
  8423 | D:11     | Noticed a two-headed ogre
  8432 | D:11     | Killed a two-headed ogre
  8542 | D:11     | Reached skill level 5 in Invocations
  8889 | D:12     | Noticed a two-headed ogre
  8902 | D:12     | Killed a two-headed ogre
  9186 | D:12     | Found a staircase to the Orcish Mines.
  9279 | D:12     | Noticed a boulder beetle
  9296 | D:12     | Killed a boulder beetle
  9296 | D:12     | Reached ****** piety under Okawaru
  9488 | D:12     | Received a gift from Okawaru
  9689 | D:12     | Found a portal to a secret trove of treasure.
  9716 | D:12     | Noticed a two-headed ogre
  9720 | D:12     | Killed a two-headed ogre
  9721 | D:12     | Reached skill level 14 in Unarmed Combat
  9971 | D:13     | Found a gate to the Vaults.
  9971 | D:13     | Noticed a vault guard
  9971 | D:13     | Noticed a vault guard
  9971 | D:13     | Noticed a vault guard
  9971 | D:13     | Noticed a vault guard
  9971 | D:13     | Noticed a boulder beetle
  9997 | D:13     | Killed a vault guard
 10005 | D:13     | Killed a vault guard
 10020 | D:13     | Killed a vault guard
 10026 | D:13     | Killed a vault guard
 10026 | D:13     | Received a gift from Okawaru
 10027 | D:13     | Reached XP level 13. HP: 78/123 MP: 11/16
 10199 | D:13     | Found Zoud's General Store.
 10203 | D:13     | Bought a scroll of identify for 22 gold pieces
 10203 | D:13     | Bought a scroll of identify for 22 gold pieces
 10203 | D:13     | Bought a scroll of blinking for 82 gold pieces
 10203 | D:13     | Bought a scroll of identify for 22 gold pieces
 10203 | D:13     | Bought a scroll of teleportation for 33 gold pieces
 10533 | D:13     | Reached skill level 15 in Unarmed Combat
 10947 | D:14     | Reached skill level 1 in Long Blades
 10965 | D:14     | HP: 4/124 [eight-headed hydra (7)]
 10965 | D:14     | Slain by an eight-headed hydra

Illustrated notes

Levels and vault maps discovered:
D:1:      minmay_arrival_four_circles, layout_loops_ring
D:2:      layout_loops_ring, serial_bayou, serial_bayou_pond_c,
          serial_bayou_pond_e, serial_bayou_pond_a, serial_bayou_lake_a,
          hellmonk_ecumenical_altar_heavens_door, serial_shops, shop
D:3:      layout_basic
D:4:      layout_loops_ring, zin_statuary, vehumet_altar_wand_db,
          evilmike_ruin_ashenzari, uniq_blork_the_orc, uniq_duvessa
D:5:      layout_cave_pools, serial_shops, shop, sigmund_army
D:6:      layout_basic, marbit_many_paths, minmay_temple_entry_large_hall,
          dk_noncrumbling_3, uniq_eustachio
D:7:      layout_rooms, nzn_hepliaklqana_mist_gate, uniq_maggie
D:8:      minmay_clustersquares, layout_basic, demons_altar
D:9:      layout_grid_maze, amcnicky_altar_gilded,
          grunt_temple_overflow_cloverleaf, fedhas_altar_3, corexii_checkpoint_a
D:10:     layout_gridville, nicolae_wu_jian_wuxing_cycle, serial_shops,
          nicolae_shop_stone, shop_statue, nicolae_shop_waterfront,
          nicolae_shop_statue_plus, shop, uniq_maurice
D:11:     layout_roguey, due_lair_maze_entry_diamond, gauntlet_entry_generic
D:12:     layout_basic, kennysheep_orc_monster_closet_entryway,
          nicolae_trove_entry_path_of_doom
D:13:     layout_irregular_city, lightli_vaults_fourway_checkpoint,
          serial_shops, shop
D:14:     layout_long_grid, minmay_misc_feat_encased
Temple:   pf_slimified_temple

Skill      XL: |  1  2  3  4  5  6  7  8  9 10 11 12 13 |
---------------+----------------------------------------+-----
Unarmed Combat | 3 4 5 6 8 10 11 13 14 15 | 15.2
Armour         | 1 2 3 4 5 6 7 |  7.0
Dodging        | 3 4 5 6 |  6.5
Fighting       | 3 4 5 6 7 |  7.2
Shields        | 3 4 5 6 |  6.2
Invocations    | 2 3 4 5 6 |  6.2
Stealth        | 1 |  1.7
Long Blades    | 1 |  1.0
Maces & Flails | |  0.4
Throwing       | |  0.6
Evocations     | |  0.1

Action                   |  1- 3 |  4- 6 |  7- 9 | 10-12 | 13-15 || total
-------------------------+-------+-------+-------+-------+-------++-------
Melee: Unarmed           |   127 |   104 |   256 |   466 |   114 ||  1067
       Whip              |       |       |       |    12 |       ||    12
       Scimitar          |       |       |       |    10 |     7 ||    17
Throw: Boomerang         |       |       |       |       |     1 ||     1
Invok: Heroism           |       |       |       |    13 |     3 ||    16
       Finesse           |       |       |       |     2 |       ||     2
Evoke: Wand              |       |       |       |     2 |       ||     2
  Use: Scroll            |       |     4 |     6 |     9 |     6 ||    25
       Potion            |       |     1 |     2 |     3 |     4 ||    10
 Stab: Distracted        |       |       |     1 |       |       ||     1
       Sleeping          |       |       |       |     1 |       ||     1
       Invisible         |       |       |       |       |     1 ||     1
Armor: Robe              |    52 |    34 |    29 |   223 |    38 ||   376
       Steam dragon scal |       |       |    24 |       |       ||    24
Dodge: Dodged            |    49 |    30 |    61 |   212 |    58 ||   410
Block: Kite shield       |    61 |    34 |   125 |   265 |    76 ||   561
       Rpst.: Scimitar   |       |       |       |     2 |       ||     2

Table legend: (Time is in decaauts)
 A = Elapsed time spent in this place.
 B = Non-inter-level travel time spent in this place.
 C = Inter-level travel time spent in this place.
 D = Time resting spent in this place.
 E = Time spent auto-exploring this place.
 F = Levels seen in this place.
 G = Mean time per level.
                   A        B        C        D        E       F      G
               +--------+--------+--------+--------+--------+-----+--------+
         Total |  10934 |  10436 |    498 |    445 |   7604 |  16 |  683.4 |
       Dungeon |  10565 |  10071 |    494 |    410 |   7445 |  14 |  754.6 |
        Temple |     19 |     15 |      4 |      0 |      0 |   1 |   19.0 |
      Gauntlet |    349 |    349 |      0 |     35 |    159 |   1 |  349.0 |
               +--------+--------+--------+--------+--------+-----+--------+

Top non-repeatable levels by time:
    D:12: 1060 daAuts
     D:4: 1011 daAuts
    D:10: 977 daAuts
     D:6: 954 daAuts
     D:9: 884 daAuts
    D:11: 830 daAuts
     D:5: 828 daAuts
    D:13: 822 daAuts
     D:2: 739 daAuts
     D:8: 706 daAuts
     D:1: 652 daAuts
     D:7: 462 daAuts
     D:3: 409 daAuts
Gauntlet: 349 daAuts
    D:14: 225 daAuts
